Map: Abyssal Reef LE

Players

Semper

  • Race: Terran Terran
  • Spawn Location: 5:00

Kelazhur - Winner!

  • Race: Terran Terran
  • Spawn Location: 11:00

Event: WCS Jonkoping 2017

VOD

Have the link to the VOD?

Description

Time

  • Played on: June 18, 2017, 12:02 p.m.
  • Length: 16:08

All games in this series

Show
View Real Time Build Order
Export as new Build Order

Semper Terran 

Build Orders: 1/1/1, Cyclone Opening, Bio Tank 

Get SALT Encoding   

  12  0:00  SCV  
  13  0:12  SCV  
  14  0:17  Supply Depot  
  14  0:25  SCV  
  14  0:28  Refinery  
  15  0:39  SCV  
  16  0:45  Barracks  
  16  0:51  SCV  
  16  0:56  Refinery  
  17  1:03  SCV  
  18  1:15  SCV  
  19  1:32  Orbital Command, Reaper  
  20  1:36  Factory  
  20  1:49  Supply Depot  
  20  1:57  SCV  
  21  2:04  Reaper  
  22  2:09  SCV  
  23  2:20  Hellion  
  23  2:21  Starport  
  23  2:22  SCV  
  26  2:29  Supply Depot  
  26  2:34  SCV  
  27  2:38  Barracks Tech Lab  
  27  2:43  Cyclone  
  30  2:46  SCV  
  31  2:57  Supply Depot  
  31  2:58  SCV  
  32  3:10  SCV, Raven  
  35  3:25  Command Center  
  35  3:27  SCV  
  36  3:35  Barracks Reactor  
  36  3:37  Cyclone  
  36  3:39  SCV  
  38  3:56  SCV  
  39  4:09  SCV, Command Center  
  39  4:15  Marine x2  
  40  4:19  Raven  
  42  4:25  SCV  
  42  4:26  Factory Tech Lab  
  42  4:27  Supply Depot  
  43  4:33  Marine x2  
  43  4:37  SCV  
  46  4:48  Siege Tank  
  46  4:51  Marine x2  
  51  4:55  SCV  
  51  4:57  Supply Depot  
  49  5:10  Marine x2  
  51  5:20  Siege Tank, Orbital Command  
  48  5:21  SCV  
  48  5:28  Orbital Command  
  48  5:33  SCV  
  49  5:45  SCV, Viking x2  
  49  5:47  SCV  
  55  5:54  Siege Tank  
  58  5:57  SCV x2  
  58  6:01  Refinery  
  58  6:02  Refinery  
  58  6:04  Marine  
  60  6:07  Stimpack, SCV  
  62  6:11  SCV  
  62  6:15  SCV, Supply Depot  
  64  6:19  SCV  
  64  6:24  Marine  
  64  6:26  SCV  
  64  6:28  Viking  
  67  6:33  SCV  
  67  6:36  Engineering Bay x2  
  67  6:38  SCV  
  69  6:41  Siege Tank  
  69  6:42  Marine  
  69  6:47  Viking  
  75  6:48  SCV  
  75  6:49  SCV  
  75  6:51  Supply Depot  
  77  6:58  SCV  
  77  7:00  Barracks  
  78  7:04  Marine, SCV  
  78  7:07  Barracks  
  80  7:09  Terran Infantry Armor Level 1, Terran Infantry Weapons Level 1  
  80  7:10  SCV  
  80  7:15  SCV  
  82  7:17  Siege Tank  
  85  7:25  Marine, Orbital Command  
  85  7:26  Viking  
  85  7:27  SCV  
  89  7:35  SCV  
  90  7:38  Orbital Command  
  90  7:39  SCV  
  91  7:50  SCV  
  92  7:53  Siege Tank, Marine  
  93  8:01  Barracks Reactor  
  93  8:02  Armory  
  93  8:03  SCV x2  
  93  8:04  Marine, Barracks x2  
  95  8:08  SCV  
  95  8:11  Marine  
  96  8:14  Sensor Tower  
  96  8:15  SCV  
  96  8:17  SCV  
  98  8:20  SCV  
  98  8:21  Marine, Refinery  
  98  8:22  Refinery  
  98  8:24  Supply Depot x2  
  98  8:25  Sensor Tower  
  100  8:27  Combat Shields  
  100  8:31  SCV  
  101  8:41  Siege Tank, Marine, SCV  
  101  8:45  Marine  
  101  8:46  Medivac  
  101  8:48  SCV  
  101  8:55  Marine  
  104  8:57  SCV  
  104  9:00  Marine  
  107  9:03  Barracks Reactor  
  107  9:04  Barracks Reactor x2  
  104  9:10  SCV, Marine  
  104  9:13  Siege Tank, Marine  
  109  9:18  Marine  
  109  9:21  SCV  
  109  9:23  SCV  
  105  9:28  Orbital Command, Marine  
  105  9:31  Marine  
  100  9:33  SCV  
  100  9:35  SCV, Marine  
  103  9:39  Marine  
  103  9:45  Siege Tank, Marine x6  
  104  9:56  SCV x2  
  97  10:04  SCV, Sensor Tower  
  97  10:05  Marine x2, Refinery  
  97  10:06  Marine x4  
  104  10:08  SCV  
  104  10:09  Terran Infantry Weapons Level 2  
  105  10:16  Marine x3  
  108  10:23  Marine x2  
  108  10:24  Marine x3  
  108  10:27  Marine  
  102  10:32  SCV x2  
  102  10:38  Marine x3  
  102  10:40  Siege Tank  
  102  10:41  Marine x2  
  110  10:49  Medivac  
  112  10:50  Medivac, Missile Turret  
  114  10:59  Marine  
  114  11:00  Marine x2  
  114  11:03  Supply Depot  
  117  11:04  Marine x4  
  117  11:08  Factory  
  121  11:17  Marine x2  
  121  11:18  Siege Tank  
  126  11:19  Medivac  
  126  11:23  Supply Depot x3  
  126  11:24  Terran Infantry Armor Level 2  
  128  11:26  Terran Vehicle Weapons Level 1  
  128  11:32  Medivac  
  130  11:35  Marine  
  131  11:40  Marine x2  
  131  11:41  Marine x5  
  131  11:43  Marine  
  139  11:49  Medivac  
  139  11:50  Siege Tank  
  144  11:54  Factory Tech Lab  
  144  11:55  Command Center  
  144  12:00  Marine  
  144  12:01  Marine  
  145  12:11  Marine  
  145  12:17  Siege Tank, Marine x5  
  145  12:20  Supply Depot x2  
  145  12:22  Siege Tank  
  156  12:29  Marine  
  157  12:36  Liberator x2, Marine  
  158  12:41  Marine  
  156  12:44  Marine  
  156  12:49  Siege Tank  
  160  12:54  Siege Tank  
  160  12:56  Terran Infantry Weapons Level 3  
  160  12:57  Marine x3  
  171  13:02  Marine  
  170  13:08  Marine  
  150  13:16  Marine  
  150  13:17  Marine x6  
  156  13:21  Siege Tank  
  156  13:22  Marine  
  156  13:26  Siege Tank, Marine  
  164  13:32  Sensor Tower  
  164  13:34  Marine  
  165  13:48  Missile Turret  
  165  13:50  Marine x3  
  165  13:53  Siege Tank  
  165  13:54  Missile Turret  
  165  13:55  Missile Turret  
  164  13:58  Siege Tank  
  164  13:59  Marine x2  
  164  14:00  Marine  
  128  14:05  Marine  
  107  14:12  Marine  
  107  14:15  Marine  
  96  14:23  Marine  
  86  14:25  Siege Tank  
  86  14:26  SCV  
  86  14:31  Siege Tank  
  88  14:32  Marine  
  88  14:37  Marine, Orbital Command  
  88  14:40  SCV  
  88  14:41  Liberator  
  89  14:47  SCV  
  90  14:53  SCV  
  90  14:59  SCV  
  95  15:00  Liberator  
  95  15:03  Orbital Command  
  95  15:10  Marine x4  
  84  15:15  SCV  
  88  15:21  Marine  
  88  15:22  Marine  
  88  15:25  SCV  
  88  15:28  Orbital Command  
  91  15:34  Marine x4  
  95  15:38  SCV x2  
  95  15:40  Marine  
  98  15:45  Marine x2  
Show
View Real Time Build Order
Export as new Build Order

Kelazhur Terran - Winner!

Build Orders: Cyclone Opening, Reaper Expand, Bio Tank 

Get SALT Encoding   

  12  0:00  SCV  
  13  0:13  SCV  
  14  0:17  Supply Depot  
  14  0:25  SCV  
  14  0:27  Refinery  
  15  0:39  SCV  
  16  0:45  Barracks  
  16  0:51  SCV  
  17  1:03  SCV  
  18  1:15  SCV  
  19  1:32  Orbital Command, Reaper  
  20  1:45  Command Center  
  20  1:56  Factory  
  20  1:59  SCV  
  21  2:04  Barracks Reactor  
  21  2:09  Refinery  
  21  2:11  SCV  
  22  2:18  Supply Depot  
  22  2:24  SCV  
  23  2:40  SCV, Cyclone, Marine x2  
  29  2:52  SCV  
  29  2:56  Orbital Command  
  30  3:00  Marine x2  
  32  3:06  Starport  
  32  3:09  SCV  
  33  3:17  Marine  
  33  3:18  Marine  
  35  3:22  SCV  
  35  3:23  SCV  
  35  3:26  Cyclone  
  40  3:32  Supply Depot  
  40  3:34  SCV  
  40  3:37  Marine  
  40  3:38  Marine  
  43  3:41  SCV  
  43  3:46  SCV  
  45  3:54  SCV, Marine  
  43  3:56  Marine  
  43  3:57  Medivac  
  46  4:05  SCV  
  46  4:06  SCV  
  46  4:12  Marine  
  46  4:14  Marine  
  46  4:17  SCV  
  48  4:18  SCV  
  48  4:20  Cyclone  
  52  4:24  Supply Depot  
  52  4:32  SCV  
  52  4:33  Marine  
  54  4:41  Starport Tech Lab  
  54  4:45  Marine  
  54  4:46  SCV x2  
  54  4:49  Supply Depot  
  57  4:54  Factory Tech Lab  
  57  4:56  Marine  
  57  4:58  SCV x2  
  60  5:03  Marine  
  57  5:10  SCV  
  57  5:13  SCV  
  57  5:14  Marine  
  52  5:21  Marine  
  52  5:22  SCV  
  52  5:25  Siege Tank  
  52  5:27  SCV  
  60  5:29  Barracks x2  
  60  5:34  SCV  
  62  5:39  SCV  
  60  5:44  Refinery  
  60  5:45  Starport Reactor  
  60  5:46  SCV, Refinery  
  60  5:47  Engineering Bay  
  60  5:48  Engineering Bay, Supply Depot  
  60  5:49  Marine  
  62  5:51  Stimpack, SCV  
  63  5:57  Siege Tank  
  63  5:58  SCV  
  63  6:00  Supply Depot  
  63  6:04  SCV  
  68  6:10  SCV  
  69  6:15  Terran Infantry Armor Level 1, Terran Infantry Weapons Level 1  
  69  6:16  SCV  
  70  6:22  SCV  
  64  6:28  SCV  
  64  6:31  Siege Tank  
  66  6:34  Marine  
  66  6:35  SCV  
  66  6:38  Supply Depot  
  66  6:39  Marine x2, Starport Reactor  
  70  6:40  SCV  
  70  6:41  Marine x2  
  70  6:45  Barracks  
  73  6:47  Barracks  
  73  6:52  Marine  
  76  6:57  Marine x2  
  76  6:58  Marine  
  77  7:02  Armory  
  77  7:03  Siege Tank, Supply Depot  
  77  7:05  Marine  
  81  7:09  Marine  
  81  7:12  SCV x2  
  81  7:15  Marine x2  
  86  7:16  Marine  
  86  7:18  Medivac  
  86  7:19  Medivac  
  91  7:23  Marine  
  91  7:32  Command Center  
  91  7:35  Siege Tank, SCV x2, Marine  
  91  7:36  Barracks Reactor, Marine x2  
  99  7:43  Marine  
  99  7:44  Marine  
  102  7:50  SCV  
  102  8:03  Combat Shields  
  102  8:04  Barracks Reactor, Marine, SCV, Supply Depot  
  102  8:05  Marine, Medivac  
  99  8:06  Marine  
  99  8:08  Medivac  
  99  8:09  Supply Depot  
  99  8:11  Terran Infantry Weapons Level 2  
  104  8:22  SCV x2  
  104  8:24  Terran Infantry Armor Level 2  
  104  8:25  Marine  
  104  8:27  Marine x3  
  107  8:33  Siege Tank  
  113  8:34  SCV x2  
  113  8:36  Refinery  
  113  8:46  Marine x8  
  118  8:50  Medivac  
  118  8:54  Marine  
  121  9:01  Orbital Command, SCV  
  121  9:02  SCV  
  120  9:04  Marine x5  
  124  9:10  Marine  
  124  9:11  Marine x2  
  124  9:15  Siege Tank  
  115  9:31  Marine x7  
  115  9:32  Marine  
  118  9:41  Marine  
  114  9:47  Siege Tank  
  114  9:49  Marine x4  
  114  9:52  Medivac x2  
  122  9:55  Marine x2  
  122  9:56  Marine  
  116  10:03  Marine  
  116  10:07  Marine  
  117  10:09  Factory  
  117  10:11  Command Center  
  117  10:14  Marine x5  
  117  10:19  Siege Tank  
  123  10:22  Medivac x2  
  123  10:28  Marine x4  
  112  10:32  Marine x2  
  112  10:34  Marine  
  114  10:38  Terran Infantry Weapons Level 3  
  114  10:39  Marine x2  
  116  10:47  Terran Infantry Armor Level 3  
  116  10:48  Marine x3  
  119  10:51  Siege Tank  
  122  11:00  Marine x6  
  128  11:05  Factory Tech Lab  
  128  11:15  Barracks x2  
  128  11:23  Marine x2  
  128  11:24  Marine x5  
  135  11:32  Marine x2  
  134  11:38  Medivac x2  
  139  11:40  Planetary Fortress, Marine  
  139  11:41  Marine  
  139  11:43  Marine x5  
  139  11:45  Siege Tank x2  
  152  11:50  Marine  
  153  11:55  Marine  
  153  11:58  Marine  
  153  11:59  Marine  
  153  12:01  Marine  
  152  12:02  Marine x3  
  152  12:06  Orbital Command  
  152  12:07  Marine, Supply Depot  
  152  12:08  Supply Depot  
  155  12:18  SCV  
  156  12:22  Sensor Tower  
  156  12:28  Siege Tank, Marine x3, Medivac  
  156  12:29  SCV, Medivac  
  167  12:32  Marine  
  167  12:40  Marine  
  167  12:41  Supply Depot  
  167  12:44  Siege Tank, Marine  
  167  12:48  Marine  
  167  12:49  Marine  
  172  13:01  Marine  
  172  13:02  Marine x6  
  177  13:06  SCV x2  
  177  13:10  SCV  
  160  13:18  SCV x2  
  162  13:27  Marine  
  162  13:29  Marine x3  
  162  13:31  Marine x4  
  162  13:32  Marine x3  
  173  13:38  Medivac x2  
  177  13:45  Marine, Command Center  
  177  13:46  Marine  
  177  13:47  Marine  
  180  13:52  Marine  
  180  13:53  Marine x3  
  170  13:58  Siege Tank  
  170  13:59  Marine x4  
  169  14:08  Marine x3  
  147  14:10  Marine  
  147  14:11  Marine x3  
  145  14:17  Marine  
  145  14:18  Marine  
  145  14:21  Siege Tank  
  138  14:33  Marine x9  
  138  14:35  Siege Tank  
  146  14:44  Marine x2  
  148  14:51  Marine x4  
  152  14:54  Marine  
  152  14:55  Marine x4  
  152  14:56  Siege Tank  
  152  14:57  Medivac x2  
  164  15:02  Marine x2  
  166  15:09  Marine  
  166  15:14  Marine x8  
  145  15:18  Siege Tank  
  145  15:20  Marine x2  
  158  15:26  Marine  
  158  15:27  Orbital Command, Medivac x2  
  163  15:32  Marine  
  164  15:37  Marine  
  164  15:38  Marine x2  
  164  15:39  Marine x3  
  173  15:44  Marine  
  173  15:46  Marine  
  173  15:49  Marine  
Tags
 
Add a new tag
Caveats
  • Supply blocks, unpowered buildings, or Contaminate may cause inaccurate times.
  • Supply counts are checked every 10 seconds.